 Dungeon Crawl Stone Soup version 0.31.0-12-g77e489cdc1 (webtiles) character file.

Game seed: 10990029216837729213

476 PriceMaster the Slasher (level 6, -11/53 HPs)
             Began as a Minotaur Fighter on Feb 16, 2024.
             Was an Initiate of Makhleb.
             Mangled by a lorocyproca (15 damage)
             ... on level 1 of the Abyss.
             The game lasted 00:05:04 (3527 turns).

PriceMaster the Slasher (Minotaur Fighter)          Turns: 3527, Time: 00:05:04

Health: -11/53     AC: 10    Str: 23    XL:     6   Next: 84%
Magic:  0/5        EV:  9    Int:  5    God:    Makhleb [......]
Gold:   149        SH:  8    Dex:  9    Spells: 5/5 levels left

rFire   + + .        a - +1 long sword
rCold   . . .        f - +0 kite shield
rNeg    . . .        b - +0 scale mail
rPois   .            (helmet restricted)
rElec   .            (no cloak)
rCorr   .            w - +1 pair of gloves of the Northern Lights {Rampage}
SInv    .            l - +0 pair of boots
Will    .....        d - amulet of regeneration Stlth
                     e - ring of protection from fire
HPRegen 1.08/turn    p - ring of protection from fire
MPRegen 0.09/turn

%: rampage
@: invisible
A: horns 2, retaliatory headbutt
a: Renounce Religion


You were on level 1 of the Abyss.
You worshipped Makhleb.
Makhleb was noncommittal.
You visited 1 branch of the dungeon, and saw 4 of its levels.
You visited the Abyss 1 time.

You collected 149 gold pieces.

Inventory:

Hand Weapons
 a - a +1 long sword (weapon)
Armour
 b - a +0 scale mail (worn)
 c - a +0 buckler
 f - a +0 kite shield (worn)
 l - a +0 pair of boots (worn)
 q - a +0 pair of boots
 w - the +1 pair of gloves of the Northern Lights (worn) {Rampage}
   (You found it on level 4 of the Dungeon)

   Rampage:   It bestows one free step when moving towards enemies.
Jewellery
 d - an amulet of regeneration (around neck)
 e - a ring of protection from fire (left hand)
 p - a ring of protection from fire (right hand)
Talismans
 h - a serpent talisman
 o - a flux talisman
 r - a beast talisman
Wands
 u - a wand of digging (2)
Scrolls
 i - a scroll of noise
 j - a scroll of teleportation
 n - 2 scrolls of identify
 s - a scroll of blinking {unknown}
 v - 2 scrolls of brand weapon {unknown}
 x - a scroll of vulnerability {unknown}
Potions
 k - a potion of degeneration {unknown}
 m - 2 potions of berserk rage {unknown}
 t - a potion of curing


   Skills:
 + Level 4.7 Fighting
 + Level 5.7 Long Blades
 + Level 5.3 Armour
 + Level 1.6 Dodging
 + Level 0.4 Stealth
 + Level 4.7 Shields
 + Level 0.2 Evocations
 * Level 1.0 Shapeshifting


You had 5 spell levels left.
You didn't know any spells.
Your spell library contained the following spells:

 Spells                   Type           Power      Damage    Failure   Level
 Kiss of Death            Conj/Necr      0%         2d5       95%         1
 Confusing Touch          Hex            0%         N/A       100%        3
 Ozocubu's Armour         Ice            0%         N/A       100%        3
 Dispel Undead            Necr           0%         3d6       100%        4
 Metabolic Englaciation   Hex/Ice        0%         N/A       100%        5
 Sculpt Simulacrum        Ice/Alch       0%         N/A       100%        6


Dungeon Overview and Level Annotations

Branches:
Dungeon (4/15)             Temple (0/1) D:4

Altars:
Ashenzari
Makhleb
Sif Muna
Trog
The Shining One

Annotations:
D:4 mkat's ghost, novice MfSh


Innate Abilities, Weirdness & Mutations

You have a pair of horns on your head.
You reflexively headbutt those who attack you in melee.


Message History

...and don't expect to remain undetected.
There is a fountain of clear blue water here.
As you read the scroll of teleportation, it crumbles to dust.
You feel strangely unstable.
You feel the power of the Abyss delaying your translocation!
You flicker for a moment.
A starcursed mass splits.
You flicker back into view.
A small abomination comes into view.
The small abomination moves out of view.
You hit the starcursed mass but do no damage.
You headbutt the starcursed mass, but do no damage.
A chorus of shrieks assaults your mind. The starcursed mass touches you.
The starcursed mass touches you!
The starcursed mass attacks as it pursues you!
The starcursed mass touches you but does no damage.
A chorus of shrieks assaults your mind.
A starcursed mass splits.
A starcursed mass splits.
You are suddenly pulled into a different region of the Abyss!
You start resting.
HP restored.
Unknown command.
Unknown command.
You open the door.
There is an open door here.
You open the door.
There is an open door here.
You open the door.
Found a gateway leading deeper into the Abyss.
Deactivating autopickup; reactivate with Ctrl-A.
You hit something but do no damage. Something hits you!!
You feel your power leaking away.
You barely miss something. Something hits you!!
Ouch! That really hurt!
* * * LOW HITPOINT WARNING * * *
You fade into invisibility!
Something hits you!
You die...

##.##. .#
#..##..#
#.#....### #
# #.# .#
##......##...
#..##. ..# #
##.#... #.#
#.#######
#.'.'@'>#
#.#######
#....#
#.###.... #
#.. .. .###
##


There were no monsters in sight!

Vanquished Creatures
  Sigmund (D:2)
  A phantom (D:4)
  A sleepcap (D:4)
  Ijyb (D:2)
  Terence (D:2)
  3 gnolls (D:3)
  4 adders
  3 ribbon worms
  3 dart slugs
  5 orcs (D:3)
  5 bats
  6 endoplasms
  A giant cockroach (D:1)
  13 goblins
  5 hobgoblins
  5 jackals
  2 quokkas (D:1)
  5 ball pythons
  3 frilled lizards
  8 kobolds
  4 rats
80 creatures vanquished.

Vanquished Creatures (others)
  A kobold (D:4)
1 creature vanquished.

Grand Total: 81 creatures vanquished

Notes
Turn   | Place    | Note
-------+----------+-------------------------------------------
     0 | D:1      | PriceMaster the Minotaur Fighter began the quest for the
                  | Orb.
     0 | D:1      | Reached XP level 1. HP: 19/19 MP: 0/0
   153 | D:1      | Reached XP level 2. HP: 27/27 MP: 1/1
   804 | D:2      | Noticed Ijyb
   810 | D:2      | Reached XP level 3. HP: 31/33 MP: 2/2
   814 | D:2      | Killed Ijyb
  1068 | D:2      | Noticed Sigmund
  1068 | D:2      | Noticed Terence
  1081 | D:2      | Killed Terence
  1082 | D:2      | Reached skill level 1 in Dodging
  1082 | D:2      | Reached XP level 4. HP: 2/40 MP: 3/3
  1084 | D:2      | Killed Sigmund
  1085 | D:2      | Reached skill level 5 in Armour
  1085 | D:2      | Reached XP level 5. HP: 4/47 MP: 4/4
  1764 | D:2      | Reached XP level 6. HP: 53/53 MP: 5/5
  2372 | D:3      | Found a glowing golden altar of the Shining One.
  2441 | D:3      | Reached skill level 5 in Long Blades
  2898 | D:3      | Found a burning altar of Makhleb.
  2903 | D:3      | Became a worshipper of Makhleb the Destroyer
  2952 | D:4      | Found a staircase to the Ecumenical Temple.
  2957 | D:4      | Identified the +1 pair of gloves of the Northern Lights
                  | {Rampage}
  2969 | D:4      | Found a runed translucent gate.
  2970 | D:4      | Found a runed translucent gate.
  2971 | D:4      | Found a runed translucent gate.
  2972 | D:4      | Noticed mkat's ghost (novice MfSh)
  3176 | D:4      | Found a broken altar of Ashenzari.
  3310 | D:4      | Reached skill level 1 in Shapeshifting
  3369 | D:4      | Found a bloodstained altar of Trog.
  3373 | D:4      | Found a shimmering blue altar of Sif Muna.
  3445 | Abyss:1  | Cast into level 1 of the Abyss (kobold brigand)
  3479 | Abyss:1  | Noticed a starcursed mass
  3482 | Abyss:1  | Noticed a small abomination
  3484 | Abyss:1  | Noticed an ice devil
  3527 | Abyss:1  | Mangled by a lorocyproca

Illustrated notes

Levels and vault maps discovered:
D:1:      dpeg_arrival_shelter, layout_basic
D:2:      kennysheep_the_goblin_king, layout_basic, dk_vineyard_3, uniq_sigmund,
          uniq_terence
D:3:      layout_basic, tso_metal_star, lightli_temple_of_fire
D:4:      layout_basic, ashenzari_altar_1, hellmonk_overflow_destroyed_library,
          minmay_temple_entry_glass, gammafunk_ghost_nasty_kobolds
Abyss:1:  base: D:4, evilmike_abyss_exit_15, evilmike_abyss_exit_kraken

Skill      XL: |  1  2  3  4  5  6 |
---------------+-------------------+-----
Armour         | 4 5 |  5.3
Long Blades    | 3 4 5 |  5.7
Shields        | 4 |  4.7
Fighting       | 4 |  4.7
Dodging        | 1 |  1.6
Shapeshifting  | 1 |  1.0
Stealth        | |  0.4
Evocations     | |  0.2

Action                     |  1- 3 |  4- 6 || total
---------------------------+-------+-------++-------
  Melee: Long sword        |    82 |   127 ||   209
         Headbutt          |     9 |    19 ||    28
  Evoke: Wand              |       |     3 ||     3
    Use: Potion            |     4 |     2 ||     6
         Scroll            |     4 |     4 ||     8
 Armour: Scale mail        |    79 |    67 ||   146
  Dodge: Dodged            |    56 |    41 ||    97
  Block: Buckler           |    29 |       ||    29
         Kite shield       |     5 |    62 ||    67
         Form:             |       |     2 ||     2
         Serpent           |       |     1 ||     1
         Beast             |       |     1 ||     1
